AoeStats
← Chus

Arabia

506922649Analyzed
1v1 RM · 17d ago on Sep 15, 2026· 56m 10s· 2 players
Game mode
Random Map
Map size
Tiny (2 player)
Population
200
Speed
Normal
Resources
Standard
Victory
Conquest
Starting age
Dark Age
Ending age
Imperial Age
RankedLock teamsTeams togetherTeam positionsShared explorationLock speedFull tech treeHidden civsTurbo modeCheats
Victory
Defeat
🇬🇧 Hindustanis · United Kingdom
1052
+16
🇪🇸 Malay · Spain
1051
-16
Chus
10:54 Feudal Age
9:11 Loom
12:13 Man-at-Arms
17:11 Double-Bit Axe
21:17 Castle Age
20:01 Horse Collar
20:31 Fletching
20:41 Padded Archer Armor
21:25 Bow Saw
22:37 Crossbowman
26:56 Bodkin Arrow
27:01 Town Watch
28:43 Heavy Plow
29:11 Leather Archer Armor
31:51 Ballistics
32:08 Wheelbarrow
37:49 Imperial Age
38:01 Imperial Age
36:57 Forging
36:52 Scale Barding Armor
36:53 Husbandry
41:10 Iron Casting
44:45 Arbalester
48:18 Ring Archer Armor
47:48 Bracer
48:25 Long Swordsman
49:06 Squires
48:52 Arson
49:53 Thumb Ring
51:10 Chemistry
50:33 Hand Cart
50:19 Town Patrol
49:59 Two-Handed Swordsman
53:48 Bracer
55:07 Forced Levy
koenrules
7:01 Loom
9:23 Feudal Age
13:06 Double-Bit Axe
13:04 Horse Collar
14:10 Wheelbarrow
22:22 Castle Age
21:00 Gold Mining
23:39 Bow Saw
23:46 Heavy Plow
23:11 Crossbowman
23:44 Fletching
23:55 Padded Archer Armor
24:12 Bloodlines
26:51 Husbandry
27:05 Stone Mining
29:12 Town Watch
30:00 Ballistics
29:36 Murder Holes
30:27 Town Patrol
30:21 Elite Skirmisher
31:07 Thumb Ring
32:02 Hand Cart
32:50 Husbandry
32:55 Scale Mail Armor
33:06 Forging
32:53 Bodkin Arrow
36:51 Imperial Age
35:03 Grand Trunk Road
36:54 Iron Casting
36:34 Chain Mail Armor
38:59 Blast Furnace
38:02 Bracer
38:00 Arson
38:16 Squires
40:37 Elite Ghulam
41:53 Hoardings
40:52 Pikeman
47:31 Conscription
53:51 Chemistry
Connection lost

Rejoining the realm…

Still unreachable

The connection could not be restored.

Session expired

The server has moved on; the page needs a fresh start.